 Dungeon Crawl Stone Soup version 0.27-a0-1529-g1e82c303ef (webtiles) character file.

Game seed: 1962024627415269045

73 dickylongcocking the Magician (level 4, -3/33 HPs)
             Began as a Djinni Wanderer on July 11, 2021.
             Was an Initiate of Gozag.
             Killed by nerve-wracking pain
             ... invoked by Menkaure
              (13 damage)
             ... on level 4 of the Dungeon.
             The game lasted 00:02:48 (4149 turns).

dickylongcocking the Magician (Djinni Wanderer)     Turns: 4149, Time: 00:02:49

Health: -3/33      AC:  3    Str: 12    XL:     4   Next: 51%
Gold:   108        EV: 11    Int: 15    God:    Gozag SH:  0 Dex: 11

rFire    + + .     SeeInvis .   a - +0 club
rCold    x . .     Faith    .   (no shield)
rNeg     . . .     Spirit   .   b - +0 robe
rPois    ∞         Reflect  .   k - +0 helmet
rElec    .         Harm     .   (no cloak)
rCorr    .         Rampage  .   (no gloves)
Will     .....                  (boots unavailable)
Stlth    +.........             (no amulet)
HPRegen  0.11/turn              (no ring)
MPRegen  0.00/turn              (no ring)

@: flying
A: sickness immunity, fire resistance 2, cold vulnerability 1, float, innate
caster, hp casting, extra vitality 1
a: Renounce Religion, Potion Petition, Call Merchant, Bribe Branch


You were on level 4 of the Dungeon.
You worshipped Gozag.
Gozag was aware of your devotion.
You visited 1 branch of the dungeon, and saw 4 of its levels.

You collected 151 gold pieces.
You paid 43 gold pieces to Gozag.

Inventory:

Hand Weapons
 a - a +0 club (weapon)
Missiles
 i - 30 stones
Armour
 b - a +0 robe (worn)
 k - a +0 helmet (worn)
Jewellery
 f - a +4 ring of protection
Wands
 m - a wand of flame (23)
Scrolls
 c - 4 scrolls of magic mapping {unknown}
 d - 3 scrolls of teleportation {unknown}
 e - a scroll of amnesia {unknown}
 g - a scroll of immolation {unknown}
 h - 2 scrolls of identify {unknown}
 o - a scroll of noise {unknown}
Potions
 j - a potion of brilliance {unknown}
 l - 2 potions of lignification {unknown}
 n - a potion of curing {unknown}
 p - a potion of magic {unknown}


   Skills:
 - Level 2.0 Fighting
 - Level 1.0 Armour
 - Level 1.0 Stealth
 - Level 1.0 Shields
 * Level 5.1 Spellcasting


You couldn't memorise any spells.
You knew the following spells:

 Your Spells              Type           Power      Damage    Failure   Level
a - Magic Dart            Conj           76%        1d6       1%          1
b - Blink                 Tloc           N/A        N/A       3%          2
c - Call Imp              Summ           19%        N/A       3%          2
d - Slow                  Hex            19%        N/A       3%          2
e - Conjure Flame         Conj/Fire      19%        6-21      6%          3
f - Mephitic Cloud        Conj/Pois/Air  19%        N/A       6%          3
g - Summon Guardian Gole  Hex/Summ       19%        N/A       6%          3
h - Summon Small Mammal   Summ           76%        N/A       1%          1
i - Sandblast             Erth           38%        2d10      1%          1

Your spell library contained the following spells:

 Spells                   Type           Power      Damage    Failure   Level
 Foxfire                  Conj/Fire      76%        2x1d7     1%          1
 Ignite Poison            Fire/Tmut/Pois 19%        N/A       6%          3


Dungeon Overview and Level Annotations

Branches:
Dungeon (4/15)
 Temple: D:4-7

Altars:
Gozag

Shops:
D:4 *

Annotations:
D:4 Menkaure


Innate Abilities, Weirdness & Mutations

You are immune to sickness and miasma.
You are immune to poison.
Your flesh is very heat resistant. (rF++)
You are vulnerable to cold. (rC-)
You float through the air rather than walking.
You learn spells naturally, not from books.
Your magical power is your life essence.
You have superior vitality. (+4 HP)


Message History

Unknown command.
Casting: Summon Guardian Golem (dangerous; 6% risk of failure)
Confirm with . or Enter, or press ? or * to list all spells.
Okay, then.
Casting: Summon Guardian Golem (dangerous; 6% risk of failure)
Confirm with . or Enter, or press ? or * to list all spells.
A beastly little devil appears in a puff of flame.
Unknown command.
Unknown command.
Unknown command.
Menkaure gestures at you while chanting.
You barely resist.
Casting: Call Imp (safe; 3% risk of failure)
Confirm with . or Enter, or press ? or * to list all spells.
Menkaure hits your guardian golem but does no damage.
Unknown command.
Unknown command.
What are your orders? t - Shout!
Orders for allies: a - Attack new target. p - Attack previous target. r - Retreat! s - Stop attacking. g - Guard the area. f - Follow me.
Anything else - Cancel.
Gang up on whom?
Press: ? - help, Dir - move target, f/p - Menkaure
Aim: Menkaure (lightly damaged, fast, ally target) Attack!
Menkaure hits your guardian golem!
Unknown command.
Unknown command.
Casting: Summon Small Mammal (safe; 1% risk of failure)
Confirm with . or Enter, or press ? or * to list all spells.
* * * LOW HITPOINT WARNING * * *
Your crimson imp hits Menkaure.
Unknown command.
Unknown command.
Your crimson imp hits Menkaure.
Menkaure points at you and mumbles some strange words.
Pain shoots through your body!
You die...
Your body crumbles into a pile of gold.

#...........#..#
+...........#..#
#...........####
##....##+#....#
#....#..#....#
#.<..#..#....#
#.....#+#....#############
#.#.....###...............#
+.#.....#.'.....@...M.....+
#..#...#..#......r.r58....#
#...#.###.#...............#
....#∩#.################...
....#.#.# .. ...#...## .
..#.....# ###.....#.#
..........#


You could see Menkaure (fast, ally target), a friendly guardian golem
(summoned), a friendly crimson imp (summoned, sheltered), a friendly quokka
(summoned, sheltered) and a friendly rat (summoned, sheltered).

Vanquished Creatures
  2 adders (D:2)
  3 worms
  A dart slug (D:2)
  3 ball pythons
  2 bats (D:1)
  6 endoplasms
  A giant cockroach (D:1)
  4 goblins
  6 hobgoblins
  2 jackals (D:1)
  2 quokkas
  A frilled lizard (D:3)
  4 kobolds
  3 rats
40 creatures vanquished.

Vanquished Creatures (collateral kills)
  A hobgoblin (D:2)
1 creature vanquished.

Vanquished Creatures (others)
  A demonic plant (D:2)
1 creature vanquished.

Grand Total: 42 creatures vanquished

Notes
Turn   | Place    | Note
-------+----------+-------------------------------------------
     0 | D:1      | dickylongcocking the Djinni Wanderer began the quest for
                  | the Orb.
     0 | D:1      | Reached XP level 1. HP: 18/18 MP: 0/0
   349 | D:1      | Reached XP level 2. HP: 17/23 MP: 0/0
  1695 | D:2      | Reached XP level 3. HP: 12/28 MP: 0/0
  1695 | D:2      | Learned a level 1 spell: Sandblast
  2429 | D:2      | Found a faded altar of an unknown god.
  2429 | D:2      | Noticed a hellwing
  2526 | D:2      | Reached XP level 4. HP: 30/33 MP: 0/0
  2809 | D:2      | Reached skill level 5 in Spellcasting
  3940 | D:4      | Found an opulent altar of Gozag.
  3940 | D:4      | Found Pewkemn's Neck Hole.
  3980 | D:4      | Became a worshipper of Gozag Ym Sagoz the Greedy
  4139 | D:4      | Noticed Menkaure
  4149 | D:4      | Killed from afar by Menkaure

Illustrated notes

Levels and vault maps discovered:
D:1:      saegor_arrival_simple_e, layout_basic, serial_park_tiny_2
D:2:      layout_basic, dreamdust_ecumenical_altar_sealed_demon, kennysheep_nub,
          corexii_hall_statues_i
D:3:      layout_basic
D:4:      layout_gridville, nicolae_gozag_seed_capital,
          nicolae_shop_sticking_my_neck_out, uniq_menkaure, uniq_purgy

Skill      XL: |  1  2  3  4 |
---------------+-------------+-----
Spellcasting   | 5 |  5.1
Fighting       | |  2.0
Armour         | |  1.0
Stealth        | |  1.0
Shields        | |  1.0

Action                   |  1- 3 |  4- 6 || total
-------------------------+-------+-------++-------
Melee: Club              |     2 |       ||     2
 Cast: Magic Dart        |    74 |    35 ||   109
       Call Imp          |     3 |     1 ||     4
       Summon Small Mamm |     1 |     2 ||     3
       Sandblast         |       |     3 ||     3
       Summon Guardian G |       |     1 ||     1
Armor: Robe              |     1 |       ||     1
Dodge: Dodged            |     8 |       ||     8

Table legend: (Time is in decaauts)
 A = Elapsed time spent in this place.
 B = Non-inter-level travel time spent in this place.
 C = Inter-level travel time spent in this place.
 D = Time resting spent in this place.
 E = Time spent auto-exploring this place.
 F = Levels seen in this place.
 G = Mean time per level.
                   A        B        C        D        E       F      G
               +--------+--------+--------+--------+--------+-----+--------+
         Total |   4148 |   4055 |     93 |    276 |   3494 |   4 | 1037.0 |
       Dungeon |   4148 |   4055 |     93 |    276 |   3494 |   4 | 1037.0 |
               +--------+--------+--------+--------+--------+-----+--------+

Top non-repeatable levels by time:
     D:1: 1649 daAuts
     D:2: 1293 daAuts
     D:3: 996 daAuts
     D:4: 208 daAuts
